 Dungeon Crawl Stone Soup version 0.29.0-4-gdea44cf6ec (webtiles) character file.

Game seed: 3491686919244023498

1159 qw the Chopper (level 8, 0/51 HPs)
             Began as a Gargoyle Delver on Sept 10, 2022.
             Slain by a steam dragon (2 damage)
             ... on level 6 of the Dungeon.
             The game lasted 00:02:32 (7935 turns).

qw the Chopper (Gargoyle Delver)                    Turns: 7935, Time: 00:02:33

Health: 0/51       AC: 19    Str: 18    XL:     8   Next: 39%
Magic:  8/8        EV:  7    Int: 11    God:
Gold:   102        SH:  0    Dex: 11    Spells: 7/7 levels left

rFire   . . .      SeeInvis .   Y - +4 war axe
rCold   . . .      Faith    .   (no shield)
rNeg    + . .      Spirit   .   m - +0 chain mail
rPois   inf        Reflect  .   (no helmet)
rElec   +          Harm     .   b - +0 cloak
rCorr   .          Rampage  .   q - +1 pair of gloves {hurl}
Will    .....                   j - +0 pair of boots
Stlth   ..........              (no amulet)
HPRegen 0.17/turn               (no ring)
MPRegen 0.11/turn               (no ring)

@: no status effects
A: sickness immunity, AC +5, negative energy resistance 1, electricity
resistance, torment resistance 1, petrification resistance
a: no special abilities


You were on level 6 of the Dungeon.
You visited 2 branches of the dungeon, and saw 7 of its levels.

You collected 330 gold pieces.
You spent 228 gold pieces at shops.


Innate Abilities, Weirdness & Mutations

You are immune to sickness and miasma.
Your stone body is resilient. (AC +5)
You are immune to poison.
You resist negative energy. (rN+)
You are resistant to electric shocks. (rElec)
You are resistant to unholy torment.
You are immune to petrification.


   Skills:
 - Level 5.8 Fighting
 - Level 7.0 Axes
 + Level 0.6 Throwing
 - Level 4.4 Armour
 - Level 1.5 Dodging
 - Level 5.4 Stealth


You had 7 spell levels left.
You didn't know any spells.
Your spell library was empty.

Inventory:

Hand Weapons
 e - a +0 flail
 Y - a +4 war axe (weapon)
Missiles
 c - 4 boomerangs (quivered)
Armour
 b - a +0 cloak (worn)
 j - a +0 pair of boots (worn)
 m - a +0 chain mail (worn)
 q - a +1 pair of gloves of hurling (worn)
Jewellery
 l - a ring of resist corrosion
Wands
 g - a wand of digging (3)
Scrolls
 d - a scroll of blinking {unknown}
 h - a scroll of identify
 i - a scroll of brand weapon {unknown}
Potions
 a - 3 potions of might
 f - a potion of haste
 k - 2 potions of cancellation
 n - a potion of resistance
 p - a potion of curing

Dungeon Overview and Level Annotations

Branches:
Dungeon (6/15)             Temple (1/1) D:4

Altars:
Ashenzari
Dithmenos
Elyvilon
Fedhas
Hepliaklqana
Kikubaaqudgha
Makhleb
Nemelex Xobeh
Qazlal
Ru
Sif Muna
Vehumet
Wu Jian
Xom
Yredelemnul
Zin
The Shining One

Shops:
D:2 (   D:5 ([*(

Annotations:
D:3 1 runed translucent door, Crazy Yiuf
D:5 Prince Ribbit


Message History

The steam dragon bites you but does no damage.
The steam dragon claws you but does no damage.
You closely miss the steam dragon.
The steam dragon is heavily wounded.
The steam dragon bites you but does no damage.
The steam dragon barely misses you.
You hit the steam dragon.
The steam dragon is heavily wounded.
The steam dragon bites you.
The steam dragon claws you but does no damage.
You hit the steam dragon but do no damage.
The steam dragon is heavily wounded.
The steam dragon breathes steam at you. The ball of steam hits you!
The steam dragon bites you. The steam dragon claws you.
You hear a shout!
You slash the steam dragon!
The steam dragon is almost dead.
You are engulfed in a cloud of scalding steam.
The steam dragon bites you but does no damage.
The steam dragon barely misses you.
You hit the steam dragon but do no damage.
The steam dragon is almost dead.
The steam dragon bites you.
The steam dragon claws you but does no damage.
You closely miss the steam dragon.
The steam dragon is almost dead.
The steam dragon bites you but does no damage.
The steam dragon claws you but does no damage.
You closely miss the steam dragon.
The steam dragon is almost dead.
The steam dragon bites you. The steam dragon claws you.
You hit the steam dragon.
The steam dragon is almost dead.
The steam dragon bites you but does no damage.
The steam dragon claws you but does no damage.
You closely miss the steam dragon.
The steam dragon is almost dead.
The steam dragon bites you.
You die...

................#.##........##
................ #........#
................ #.......##
....... #######.## .....). ..#
#...# .......###.# #.###
.........#.# #.#
.........#.###.#
......D@.#.##..####
.......#..........#
.......#..........#
.......#..........#
.......#....#######
.......#.#..# .............
.......##....# .. ......


You could see a steam dragon.

Vanquished Creatures
  2 ogres
  A centaur (D:5)
  A phantom (D:6)
  A bullfrog (D:5)
  A scorpion (D:5)
  2 necrophages
  A gnoll bouda (D:5)
  An orc priest (D:6)
  4 hounds
  Jessica (D:3)
  3 iguanas (D:5)
  2 orc wizards
  Natasha (thrice) (D:4)
  3 gnolls (D:5)
  5 adders
  A shadow imp (D:5)
  An ufetubus (D:5)
  3 worms
  4 dart slugs
  19 orcs
  2 bats (D:1)
  3 endoplasms
  4 giant cockroaches
  8 goblins
  6 hobgoblins
  6 jackals
  5 kobolds
  2 quokkas
  7 ball pythons
  2 frilled lizards (D:1)
  4 rats
108 creatures vanquished.

Notes
Turn   | Place    | Note
-------+----------+-------------------------------------------
     0 | D:5      | qw the Gargoyle Delver began the quest for the Orb.
     0 | D:5      | Reached XP level 1. HP: 14/14 MP: 1/1
     0 | D:5      | 0 ||| qw: Version: 0.1-a-116-g5d60599
     0 | D:5      | 0 ||| qw: Game counter: 8629
     0 | D:5      | 0 ||| qw: Always use a shield: true
     0 | D:5      | 0 ||| qw: God list: Okawaru
     0 | D:5      | 0 ||| qw: Allow faded altars: false
     0 | D:5      | 0 ||| qw: Do Orc after D:15 true
     0 | D:5      | 0 ||| qw: Do second Lair branch before Depths: true
     0 | D:5      | 0 ||| qw: Lair rune preference: random
     0 | D:5      | 0 ||| qw: Plans: Normal
     0 | D:5      | 0 ||| PLANNING D:1-11
    11 | D:5      | 11 ||| DROPPING scroll of fog.
    12 | D:5      | 12 ||| DROPPING scroll of magic mapping.
    13 | D:5      | 13 ||| DROPPING scroll of fear.
    31 | D:4      | Reached skill level 2 in Axes
    43 | D:4      | Reached XP level 2. HP: 10/19 MP: 2/2
   134 | D:4      | 134 ||| FLEEEEING.
   135 | D:4      | 135 ||| FLEEEEING.
   136 | D:4      | 136 ||| FLEEEEING.
   137 | D:4      | 137 ||| FLEEEEING.
   138 | D:4      | 138 ||| STAIRDANCE
   444 | D:1      | Reached skill level 3 in Axes
   507 | D:1      | Found a faded altar of an unknown god.
   522 | D:1      | Reached XP level 3. HP: 16/23 MP: 3/3
  1253 | D:1      | 1253 ||| READING scroll labelled XAFREP MIAB.
  1254 | D:1      | 1254 ||| READING scroll labelled ZORYNI CIHEODASU.
  1255 | D:1      | 1255 ||| READING scroll labelled NYCSIADARE.
  1415 | D:2      | 1415 ||| Stepping ~*~*~tactically~*~*~ (stealth).
  1418 | D:2      | 1418 ||| Stepping ~*~*~tactically~*~*~ (stealth).
  1420 | D:2      | 1420 ||| Stepping ~*~*~tactically~*~*~ (stealth).
  1422 | D:2      | 1422 ||| Stepping ~*~*~tactically~*~*~ (stealth).
  1560 | D:2      | Found Koud's Weapon Shoppe.
  1565 | D:2      | 1565 ||| SHOPLISTING +3 hand axe of Athryugeaz {flame, rF+
                  | SInv} (424 gold, have 130).
  1753 | D:2      | 1753 ||| Stepping ~*~*~tactically~*~*~ (stealth).
  1762 | D:2      | 1762 ||| Stepping ~*~*~tactically~*~*~ (stealth).
  1771 | D:2      | 1771 ||| Stepping ~*~*~tactically~*~*~ (stealth).
  1773 | D:2      | 1773 ||| Stepping ~*~*~tactically~*~*~ (stealth).
  1774 | D:2      | 1774 ||| Stepping ~*~*~tactically~*~*~ (stealth).
  1776 | D:2      | 1776 ||| Stepping ~*~*~tactically~*~*~ (stealth).
  1782 | D:2      | 1782 ||| Stepping ~*~*~tactically~*~*~ (stealth).
  1783 | D:2      | 1783 ||| Stepping ~*~*~tactically~*~*~ (stealth).
  1785 | D:2      | 1785 ||| Stepping ~*~*~tactically~*~*~ (stealth).
  1789 | D:2      | 1789 ||| Stepping ~*~*~tactically~*~*~ (stealth).
  1790 | D:2      | 1790 ||| Stepping ~*~*~tactically~*~*~ (stealth).
  1819 | D:2      | 1819 ||| Stepping ~*~*~tactically~*~*~ (stealth).
  1822 | D:2      | 1822 ||| Stepping ~*~*~tactically~*~*~ (stealth).
  1994 | D:2      | 1994 ||| Stepping ~*~*~tactically~*~*~ (stealth).
  1997 | D:2      | 1997 ||| Stepping ~*~*~tactically~*~*~ (stealth).
  1999 | D:2      | 1999 ||| Stepping ~*~*~tactically~*~*~ (stealth).
  2037 | D:2      | 2037 ||| Stepping ~*~*~tactically~*~*~ (stealth).
  2046 | D:2      | Reached XP level 4. HP: 28/28 MP: 4/4
  2138 | D:2      | 2138 ||| UPGRADING to +0 pair of boots.
  2143 | D:2      | 2143 ||| READING scroll labelled MUDGHU VUDD.
  2147 | D:2      | 2147 ||| READING 2 scrolls of identify.
  2147 | D:2      | 2147 ||| IDENTIFYING emerald potion
  2152 | D:3      | 2152 ||| STAIRDANCE
  2293 | D:3      | 2293 ||| STAIRDANCE
  2398 | D:3      | Noticed Jessica
  2399 | D:3      | 2399 ||| Stepping ~*~*~tactically~*~*~ (hiding).
  2501 | D:3      | 2501 ||| Stepping ~*~*~tactically~*~*~ (hiding).
  2603 | D:3      | 2603 ||| Stepping ~*~*~tactically~*~*~ (hiding).
  2705 | D:3      | 2705 ||| Stepping ~*~*~tactically~*~*~ (hiding).
  2807 | D:3      | 2807 ||| Stepping ~*~*~tactically~*~*~ (hiding).
  2813 | D:3      | Killed Jessica
  2814 | D:3      | Reached skill level 4 in Axes
  3085 | D:3      | 3085 ||| Stepping ~*~*~tactically~*~*~ (stealth).
  3204 | D:3      | Reached XP level 5. HP: 31/32 MP: 5/5
  3453 | D:3      | Found a runed translucent door.
  3454 | D:3      | Noticed Crazy Yiuf
  3550 | D:3      | Identified the +1 robe of Claustrophobia {rC+ Stlth+}
  3746 | D:3      | 3746 ||| UPGRADING to +0 chain mail.
  3756 | D:3      | 3756 ||| DROPPING +0 leather armour.
  3757 | D:3      | 3757 ||| READING scroll labelled CUHUUP ORENWI.
  3858 | D:3      | 3858 ||| READING 5 scrolls of identify.
  3858 | D:3      | 3858 ||| IDENTIFYING fizzy yellow potion
  3859 | D:3      | 3859 ||| READING 4 scrolls of identify.
  3859 | D:3      | 3859 ||| IDENTIFYING grey potion
  3860 | D:3      | 3860 ||| READING 3 scrolls of identify.
  3860 | D:3      | 3860 ||| IDENTIFYING viscous green potion
  3861 | D:3      | 3861 ||| READING 2 scrolls of identify.
  3861 | D:3      | 3861 ||| IDENTIFYING purple potion
  3862 | D:3      | 3862 ||| DROPPING potion of lignification.
  3863 | D:3      | 3863 ||| DROPPING potion of magic.
  3864 | D:3      | 3864 ||| DROPPING potion of attraction.
  3908 | D:4      | 3908 ||| STAIRDANCE
  4083 | D:4      | 4083 ||| SWAPPING to +0 hand axe of venom.
  4084 | D:4      | 4084 ||| DROPPING +1 hand axe.
  4101 | D:4      | 4101 ||| Stepping ~*~*~tactically~*~*~ (stealth).
  4120 | D:4      | Reached skill level 1 in Armour
  4141 | D:4      | Found a staircase to the Ecumenical Temple.
  4142 | D:4      | 4142 ||| PLANNING TEMPLE
  4142 | D:4      | 4142 ||| READING scroll labelled JUCEUG RELO.
  4143 | D:4      | 4143 ||| READING 2 scrolls of identify.
  4143 | D:4      | 4143 ||| IDENTIFYING viscous black potion
  4152 | Temple   | Entered the Ecumenical Temple
  4197 | Temple   | 4197 ||| PLANNING D:1-11
  4396 | D:4      | Noticed Natasha
  4397 | D:4      | 4397 ||| Stepping ~*~*~tactically~*~*~ (hiding).
  4407 | D:4      | Killed Natasha
  4622 | D:4      | Noticed Natasha
  4625 | D:4      | 4625 ||| FLEEEEING.
  4631 | D:4      | Killed Natasha
  4778 | D:4      | Found a glowing silver altar of Zin.
  4810 | D:4      | Found a sparkling altar of Nemelex Xobeh.
  4935 | D:4      | 4935 ||| UPGRADING to +0 cloak.
  4940 | D:4      | 4940 ||| READING scroll labelled RIOF UKATE.
  4959 | D:5      | Noticed a centaur
  4960 | D:5      | 4960 ||| Stepping ~*~*~tactically~*~*~ (hiding).
  4962 | D:5      | 4962 ||| Stepping ~*~*~tactically~*~*~ (hiding).
  4964 | D:5      | 4964 ||| Stepping ~*~*~tactically~*~*~ (hiding).
  4973 | D:5      | Killed a centaur
  4974 | D:5      | Reached skill level 5 in Axes
  4974 | D:5      | Reached XP level 6. HP: 18/37 MP: 6/6
  5167 | D:5      | 5167 ||| Stepping ~*~*~tactically~*~*~ (hiding).
  5193 | D:5      | 5193 ||| Stepping ~*~*~tactically~*~*~ (stealth).
  5195 | D:5      | 5195 ||| Stepping ~*~*~tactically~*~*~ (stealth).
  5330 | D:5      | Reached skill level 3 in Armour
  5341 | D:5      | 5341 ||| SWAPPING to +4 war axe.
  5342 | D:5      | 5342 ||| DROPPING +0 hand axe of venom.
  5364 | D:5      | Found Qokkuc's Antique Armour Emporium.
  5364 | D:5      | Found Ejaelef's Antique Weapon Emporium.
  5365 | D:5      | Found Fumoecu's Weapon Emporium.
  5365 | D:5      | Found Tufy's General Store.
  5413 | D:5      | 5413 ||| BUYING pair of embroidered gloves (180 gold).
  5413 | D:5      | Bought a pair of embroidered gloves for 180 gold pieces
  5463 | D:5      | 5463 ||| SHOPLISTING bloodstained war axe (238 gold, have
                  | 69).
  5463 | D:5      | 5463 ||| SHOPLISTING flail (98 gold, have 69).
  5463 | D:5      | 5463 ||| SHOPLISTING runed mace (168 gold, have 69).
  5466 | D:5      | 5466 ||| BUYING potion of might (48 gold).
  5466 | D:5      | Bought a potion of might for 48 gold pieces
  5466 | D:5      | 5466 ||| SHOPLISTING scroll of enchant weapon (90 gold,
                  | have 21).
  5481 | D:5      | 5481 ||| Stepping ~*~*~tactically~*~*~ (stealth).
  5587 | D:5      | 5587 ||| Stepping ~*~*~tactically~*~*~ (stealth).
  5590 | D:5      | 5590 ||| Stepping ~*~*~tactically~*~*~ (stealth).
  5699 | D:5      | HP: 1/38 [ogre/+0 giant club (21)]
  5700 | D:5      | 5700 ||| Stepping ~*~*~tactically~*~*~ (stealth).
  5701 | D:5      | 5701 ||| FLEEEEING.
  5702 | D:5      | 5702 ||| FLEEEEING.
  5703 | D:5      | 5703 ||| FLEEEEING.
  5704 | D:5      | 5704 ||| FLEEEEING.
  5705 | D:5      | 5705 ||| FLEEEEING.
  5706 | D:5      | 5706 ||| FLEEEEING.
  5707 | D:5      | 5707 ||| FLEEEEING.
  5708 | D:5      | 5708 ||| FLEEEEING.
  5709 | D:5      | 5709 ||| FLEEEEING.
  5710 | D:5      | 5710 ||| FLEEEEING.
  5711 | D:5      | 5711 ||| FLEEEEING.
  5712 | D:5      | 5712 ||| FLEEEEING.
  5713 | D:5      | 5713 ||| FLEEEEING.
  5714 | D:5      | 5714 ||| FLEEEEING.
  5715 | D:5      | 5715 ||| FLEEEEING.
  5716 | D:5      | 5716 ||| FLEEEEING.
  5717 | D:5      | 5717 ||| FLEEEEING.
  5718 | D:5      | 5718 ||| FLEEEEING.
  5719 | D:5      | 5719 ||| FLEEEEING.
  5720 | D:5      | 5720 ||| FLEEEEING.
  5721 | D:5      | 5721 ||| FLEEEEING.
  5722 | D:5      | 5722 ||| FLEEEEING.
  5723 | D:5      | 5723 ||| FLEEEEING.
  5724 | D:5      | 5724 ||| FLEEEEING.
  5725 | D:5      | 5725 ||| FLEEEEING.
  5726 | D:5      | 5726 ||| FLEEEEING.
  5727 | D:5      | 5727 ||| STAIRDANCE
  5951 | D:4      | Noticed Natasha
  5958 | D:4      | Killed Natasha
  5959 | D:4      | Reached XP level 7. HP: 36/43 MP: 7/7
  6003 | D:4      | 6003 ||| UPGRADING to +1 pair of gloves of hurling.
  6008 | D:4      | 6008 ||| DROPPING amulet of magic regeneration.
  6009 | D:4      | 6009 ||| DROPPING ring of magical power.
  6010 | D:4      | 6010 ||| READING 3 scrolls of identify.
  6010 | D:4      | 6010 ||| IDENTIFYING lumpy amethyst potion
  6011 | D:4      | 6011 ||| READING 2 scrolls of identify.
  6011 | D:4      | 6011 ||| IDENTIFYING murky puce potion
  6012 | D:4      | 6012 ||| DROPPING potion of ambrosia.
  6018 | D:5      | 6018 ||| STAIRDANCE
  6022 | D:4      | HP: 7/43 [ogre/+0 giant club (9)]
  6023 | D:4      | 6023 ||| READING 2 scrolls of teleportation.
  6025 | D:4      | Reached skill level 6 in Axes
  6505 | D:5      | 6505 ||| Stepping ~*~*~tactically~*~*~ (stealth).
  6513 | D:5      | 6513 ||| Stepping ~*~*~tactically~*~*~ (stealth).
  6516 | D:5      | 6516 ||| Stepping ~*~*~tactically~*~*~ (stealth).
  6528 | D:5      | 6528 ||| DROPPING +0 whip.
  6819 | D:6      | 6819 ||| STAIRDANCE
  6832 | D:6      | 6832 ||| STAIRDANCE
  6850 | D:6      | 6850 ||| FLEEEEING.
  6851 | D:6      | 6851 ||| FLEEEEING.
  6852 | D:6      | 6852 ||| STAIRDANCE
  6869 | D:5      | 6869 ||| FLEEEEING.
  6884 | D:5      | 6884 ||| Stepping ~*~*~tactically~*~*~ (hiding).
  6888 | D:5      | Reached skill level 7 in Axes
  7014 | D:6      | 7014 ||| STAIRDANCE
  7039 | D:6      | Noticed Prince Ribbit
  7040 | D:6      | 7040 ||| STAIRDANCE
  7045 | D:5      | Reached XP level 8. HP: 17/51 MP: 8/8
  7243 | D:6      | 7243 ||| STAIRDANCE
  7300 | D:6      | 7300 ||| STAIRDANCE
  7303 | D:5      | HP: 10/51 [iguana (4)]
  7304 | D:5      | 7304 ||| READING scroll of teleportation.
  7599 | D:6      | 7599 ||| STAIRDANCE
  7605 | D:6      | 7605 ||| STAIRDANCE
  7610 | D:5      | 7610 ||| READING scroll labelled LAOXANAERO.
  7760 | D:6      | 7760 ||| Stepping ~*~*~tactically~*~*~ (stealth).
  7774 | D:6      | 7774 ||| Stepping ~*~*~tactically~*~*~ (stealth).
  7776 | D:6      | 7776 ||| Stepping ~*~*~tactically~*~*~ (hiding).
  7778 | D:6      | 7778 ||| Stepping ~*~*~tactically~*~*~ (hiding).
  7920 | D:6      | 7920 ||| Stepping ~*~*~tactically~*~*~ (hiding).
  7929 | D:6      | HP: 12/51 [steam dragon (5)]
  7933 | D:6      | HP: 3/51 [steam dragon (5)]
  7933 | D:6      | HP: 1/51 [steam dragon (2)]
  7935 | D:6      | Slain by a steam dragon

Levels and vault maps discovered:
D:1:      lightli_arrival_flooded_house, layout_rooms,
          ebering_ecumenical_altar_abandoned
D:2:      layout_basic, serial_shops, nicolae_shop_hallway_plus,
          chequers_serial_rivers_small_b, kennysheep_another_room
D:3:      layout_loops_cross, uniq_crazy_yiuf_cottage, uniq_jessica
D:4:      layout_rooms, mainiacjoe_overflow_two_lobes,
          minmay_temple_entry_large_hall, uniq_natasha
D:5:      layout_basic, minmay_shop_grid_forest
D:6:      layout_basic, cheibriados_altar_1, serial_shops, shop,
          uniq_prince_ribbit1
Temple:   eino_wide_crystal_templ

Skill      XL: |  1  2  3  4  5  6  7  8 |
---------------+-------------------------+-----
Axes           | 2 3 4 5 7 |  7.0
Armour         | 2 3 4 |  4.4
Fighting       | 4 5 |  5.8
Throwing       | |  0.6
Dodging        | |  1.5
Stealth        | |  5.4

Action                   |  1- 3 |  4- 6 |  7- 9 || total
-------------------------+-------+-------+-------++-------
Melee: Hand axe          |   128 |   131 |       ||   259
       Punch             |     1 |     1 |       ||     2
       War axe           |       |    38 |    95 ||   133
Throw: Boomerang         |       |       |    14 ||    14
  Use: Scroll            |     3 |    10 |     5 ||    18
 Stab: Distracted        |     1 |       |       ||     1
       Sleeping          |     1 |       |       ||     1
Armor: Leather armour    |    44 |    19 |       ||    63
       Chain mail        |       |    80 |    75 ||   155
Dodge: Dodged            |    58 |    70 |    41 ||   169

Table legend:
 A = Non-vault XP
 B = Vault XP
 C = Vault XP percentage of total XP
 D = Non-vault monster count
 E = Vault monster count
 F = Vault count percentage of total count
                 A         B        C        D         E       F
            +---------+---------+-------+---------+---------+-------
      Total |    1584 |      72 |   4.3 |     106 |       2 |   1.9
            +---------+---------+-------+---------+---------+-------
        D:1 |      32 |       0 |   0.0 |      18 |       0 |   0.0
        D:2 |      39 |       0 |   0.0 |      17 |       0 |   0.0
        D:3 |      60 |      37 |  38.1 |      13 |       1 |   7.1
        D:4 |     253 |      35 |  12.2 |      16 |       1 |   5.9
        D:5 |     928 |       0 |   0.0 |      38 |       0 |   0.0
        D:6 |     272 |       0 |   0.0 |       4 |       0 |   0.0
            +---------+---------+-------+---------+---------+-------
